 Dungeon Crawl Stone Soup version 0.26-a0-597-gb535b0901c (webtiles) character file.

Game seed: 8421977332915833744

80733 Lugonue the Protected (level 15, 0/115 HPs)
             Began as a Demonspawn Venom Mage on Sept 4, 2020.
             Was a High Priest of Sif Muna.
             Killed from afar by Aizul (23 damage)
             ... with a poison arrow
             ... on level 1 of the Spider Nest.
             The game lasted 01:27:32 (27470 turns).

Lugonue the Protected (Demonspawn Venom Mage)      Turns: 27470, Time: 01:27:33

Health: 0/115      AC: 19    Str: 14    XL:     15   Next: 24%
Magic:  35/39      EV: 17    Int: 21    God:    Sif Muna [*****.]
Gold:   1468       SH:  0    Dex: 13    Spells: 5/36 levels left

rFire    + . .     SeeInvis +     - Unarmed
rCold    + + .     Faith    .   (no shield)
rNeg     . . .     Spirit   .   P - +0 acid dragon scales
rPois    +         Reflect  .   R - +2 helmet
rElec    +         Harm     .   J - scarf {repulsion}
rCorr    +                      (gloves unavailable)
MR       +....                  c - +2 pair of boots {Stlth+}
Stlth    +++.......             n - amulet of regeneration
HPRegen  0.69/turn              i - ring of magical power
MPRegen  0.26/turn              C - ring "Xifoeky" {Wiz Int+3 SInv}

@: lethally poisoned (0 -> -5), resistant, repel missiles
A: claws 3, yellow scales 2, cold resistance 1, powered by pain 1
a: Channel Magic, Forget Spell, Divine Exegesis, Renounce Religion


You were on level 1 of the Spider Nest.
You worshipped Sif Muna.
Sif Muna was extremely pleased with you.
You visited 5 branches of the dungeon, and saw 23 of its levels.

You collected 1836 gold pieces.
You spent 368 gold pieces at shops.

Inventory:

Hand Weapons
 e - a +0 scimitar of flaming
Missiles
 k - 8 atropa-tipped darts (quivered)
Armour
 c - a +2 pair of boots of stealth (worn)
 J - a scarf of repulsion (worn)
 O - a +0 kite shield of reflection
 P - +0 acid dragon scales (worn)
 R - a +2 helmet (worn)
Magical Staves
 z - an uncursed staff of death
 Q - an uncursed staff of fire
Jewellery
 d - an uncursed ring of protection from cold
 i - a ring of magical power (left claw)
 n - an amulet of regeneration (around neck)
 B - an uncursed ring of resist corrosion
 C - the ring "Xifoeky" (right claw) {Wiz Int+3 SInv}
   (You found it on level 10 of the Dungeon)

   [ring of wizardry]

   It improves your spell success rate.
   It affects your intelligence (+3).
   It lets you see invisible.
 M - an uncursed ring of protection from fire
Wands
 j - a wand of acid (4)
 m - a wand of digging (3)
 t - a wand of polymorph (18)
 u - a wand of iceblast (18)
 w - a wand of flame (16)
Scrolls
 h - 3 scrolls of teleportation
 p - 2 scrolls of fog
 q - 4 scrolls of fear
 x - 4 scrolls of magic mapping
 y - 2 scrolls of enchant weapon
 A - 11 scrolls of remove curse
 E - 4 scrolls of identify
 G - 4 scrolls of amnesia
 K - 2 scrolls of enchant armour
 L - a scroll of holy word
 N - a scroll of torment
Potions
 a - 2 potions of mutation
 f - 2 potions of brilliance
 g - 6 potions of curing
 l - 4 potions of magic
 o - 2 potions of haste
 r - 2 potions of stabbing
 s - a potion of might
 D - 2 potions of lignification
 F - 2 potions of flight
 I - 2 potions of cancellation
Miscellaneous
 H - a condenser vane (2/2)


   Skills:
 - Level 10.0 Fighting
 - Level 13.3 Armour
 - Level 10.0 Dodging
 - Level 4.5 Stealth
 - Level 10.0 Unarmed Combat
 + Level 11.4 Spellcasting
 + Level 1.3 Conjurations
 + Level 1.8 Hexes
 + Level 0.5 Translocations
 + Level 4.1 Transmutations
 - Level 1.9 Fire Magic
 - Level 4.0 Air Magic
 - Level 7.0 Poison Magic
 - Level 8.0 Invocations
 - Level 5.0 Evocations


You had 5 spell levels left.
You knew the following spells:

 Your Spells              Type           Power        Failure   Level
a - Frozen Ramparts       Ice            ##....       9%          3
b - Poisonous Vapours     Pois/Air       #####.       1%          2
c - Olgreb's Toxic Radia  Pois           #####...     1%          4
d - Ignite Poison         Fire/Tmut/Pois ####....     1%          3
e - Invisibility          Hex            ###.....     87%         6
f - Mephitic Cloud        Conj/Pois/Air  ####....     1%          3
g - Confusing Touch       Hex            ###.....     4%          3
h - Blink                 Tloc           N/A          3%          2
i - Tukima's Dance        Hex            ###.....     4%          3
j - Slow                  Hex            ###.....     1%          2

Your spell library contained the following spells:

 Spells                   Type           Power        Failure   Level
 Corona                   Hex            ###....      1%          1
 Magic Dart               Conj           ###.         1%          1
 Sting                    Tmut/Pois      ####         1%          1
 Passwall                 Tmut/Erth      ###.....     1%          2
 Swiftness                Air            ####....     1%          2
 Freeze                   Ice            ##..         2%          1
 Ensorcelled Hibernation  Hex/Ice        ###...       3%          2
 Call Imp                 Summ           ##......     4%          2
 Conjure Flame            Conj/Fire      ###.....     4%          3
 Dazzling Flash           Conj/Hex       ###...       4%          3
 Inner Flame              Hex/Fire       ###.....     4%          3
 Portal Projectile        Hex/Tloc       ###...       5%          3
 Lesser Beckoning         Tloc           ##........   7%          3
 Teleport Other           Tloc           ##......     7%          3
 Ozocubu's Armour         Ice            ##......     9%          3
 Cause Fear               Hex            ###.......   13%         4
 Fulminant Prism          Conj/Hex       ###.......   16%         4
 Iskenderun's Mystic Bla  Conj/Tloc      ###.....     19%         4
 Leda's Liquefaction      Hex/Erth       ###.......   19%         4
 Hailstorm                Conj/Ice       ##......     21%         4
 Passage of Golubria      Tloc           N/A          22%         4
 Silence                  Hex/Air        ###.......   24%         5
 Summon Ice Beast         Ice/Summ       ##......     26%         4
 Lightning Bolt           Conj/Air       ###.......   26%         5
 Iskenderun's Battlesphe  Conj           ###.....     41%         5
 Lee's Rapid Deconstruct  Erth           ##........   58%         5
 Dispersal                Tloc           ##........   96%         6
 Simulacrum               Ice/Necr       ##........   98%         6
 Absolute Zero            Ice            ##........   100%        9


Dungeon Overview and Level Annotations

Branches:
Dungeon (13/15)            Temple (0/1) D:5            Lair (6/6) D:11
 Shoals (1/4) Lair:4       Spider (1/4) Lair:2          Orc (2/2) D:10
    Elf (0/3) Orc:2        Vaults (0/5) D:13
  Slime: Lair:5-6

Altars:
Elyvilon
Gozag
Hepliaklqana
Kikubaaqudgha
Makhleb
Nemelex Xobeh
Okawaru
Qazlal
Sif Muna
Uskayaw
Vehumet
Wu Jian
Xom
Yredelemnul
The Shining One

Shops:
Orc:1 [   Orc:2 *}![

Annotations:
D:2 Sigmund
D:4 Menkaure
D:5 7 runed translucent doors, Lanoc's ghost, weakling TrDe
D:6 3 runed translucent doors, viperstalker's ghost, novice PaFi
D:8 1 runed translucent door
D:9 1 runed translucent door, Ferkelamun's ghost, journeyman MfTm
Lair:1 exclusion: hydra
Lair:4 3 runed translucent doors, Ahetudd's ghost, journeyman MiFi; Cakiepeg's ghost, journeyman DDGl; Giarr's ghost, journeyman DDGl
Spider:1 Aizul
Orc:2 3 runed translucent doors, Apogee's ghost, journeyman HuCj; Jorgrun; Saint Roka


Innate Abilities, Weirdness & Mutations

You have claws for hands.
You are mostly covered in yellow scales. (AC +3)
Your flesh is cold resistant. (rC+)
You sometimes gain a little power by taking damage.


Message History

Confirm with . or Enter, or press ? or * to list all spells.
You blink.
The hornet looks even sicker.
Your toxic aura wanes.
You feel sick.
You feel sick. Aizul casts a spell at you. The bolt of poison hits you.
You resist.
* * * LOW HITPOINT WARNING * * *
You feel sick.
You kill the hornet!
Sif Muna accepts your kill.
Evoke which item? (* to show all) (? for menu, Esc to quit)
Okay, then.
Unknown command.
Unknown command.
Aizul casts a spell at you. The poison arrow hits you!!
You are more poisoned.
You partially resist.
You die...

########.#####
#............. #
#.............# ##
###............^#
#.
#.............##.#
###.
#.../........#
#.##...
##...........#
#....#.
##.†.S...$..#
##.....#
#....!##@####
#....##.
#>...####...###
##.##..###
#......##
#.###..##..# #.##
......# #. ###.^#
#.# ...... .. ##.#
##.#### ...... #..
#.# #.....# .....
.##..####.#
#.....# ..... #.
#......## #......
..######.##.......


You could see Aizul.

Vanquished Creatures
  Donald (Orc:2)
  An entropy weaver (Spider:1)
  An ettin (D:13)
  A yaktaur captain (D:13)
  3 hydras
  Harold (D:9)
  Fannar (D:12)
  A two-headed ogre (Orc:2)
  Erica (Lair:2)
  3 centaur warriors
  A catoblepas (D:11)
  An ogre mage (D:13)
  14 death yaks (Lair:5)
  Urug (Lair:2)
  5 orc high priests (Orc:2)
  A shadow wraith (D:13)
  A deep troll (D:13)
  An unseen horror (D:13)
  A sea snake (Shoals:1)
  Pikel (D:7)
  A necromancer (D:13)
  3 orb spiders (Spider:1)
  2 lindwurms
  10 orc knights (Orc:2)
  An orc sorcerer (Orc:1)
  2 deep elf magi
  8 wolf spiders (Spider:1)
  An ugly thing (D:12)
  4 cyclopes
  4 manticores
  2 torpor snails (Spider:1)
  6 black mambas
  A guardian serpent (D:11)
  Psyche (D:9)
  A centaur skeleton (D:11)
  4 cane toads
  Joseph (D:9)
  2 komodo dragons
  4 kobold demonologists (D:11)
  3 demonic crawlers (Spider:1)
  3 trolls
  11 jumping spiders (Spider:1)
  A merfolk (Shoals:1)
  3 meliai (D:13)
  2 polar bears (Lair:3)
  A hornet (Spider:1)
  A slime creature (D:13)
  7 hippogriffs
  3 blink frogs (Lair:2)
  27 redbacks (Spider:1)
  A spriggan (Lair:4)
  A vampire (D:13)
  A shadow (D:13)
  A wraith (D:12)
  A wyvern (Lair:4)
  11 tarantellas (Spider:1)
  2 basilisks
  A fire elemental (Lair:5)
  21 yaks
  7 wargs
  An acid dragon (D:12)
  7 water moccasins
  5 porcupines
  2 black bears
  3 phantoms
  43 orc warriors
  2 necrophages
  An eye of draining (D:11)
  5 ice beasts
  6 ogres
  13 wolves
  8 centaurs
  11 crocodiles
  A lemure (D:6)
  15 bullfrogs
  4 big kobolds
  2 gnoll sergeants
  A water moccasin zombie (D:8)
  3 scorpions
  A water moccasin skeleton (D:5)
  2 wyvern skeletons (D:10)
  12 killer bees
  10 wights
  6 electric eels
  A quasit (D:13)
  2 bullfrog zombies
  2 centaur zombies
  31 orc priests
  7 hounds
  4 jellies
  A bullfrog skeleton (D:6)
  An iguana (D:13)
  25 orc wizards
  8 worker ants
  A killer bee zombie (D:8)
  11 gnolls
  13 adders
  2 howler monkey skeletons
  3 shadow imps
  3 white imps (D:6)
  2 ufetubi
  An ooze (D:7)
  2 adder zombies
  3 adder skeletons
  A leopard gecko (D:2)
  119 orcs
  4 giant cockroaches
  8 goblins
  9 hobgoblins
  13 jackals
  20 kobolds
  4 quokkas
  A ball python (D:2)
  5 bats
  4 frilled lizards
  A giant cockroach zombie (D:5)
  6 rats
690 creatures vanquished.

Vanquished Creatures (others)
  2 dancing weapons
  A giant cockroach (D:3)
  A block of ice (Lair:5)
  7 fungi
  59 plants
  4 withered plants (Lair:4)
74 creatures vanquished.

Grand Total: 764 creatures vanquished

Notes
Turn   | Place    | Note
-------+----------+-------------------------------------------
     0 | D:1      | Lugonue the Demonspawn Venom Mage began the quest for the
                  | Orb.
     0 | D:1      | Reached XP level 1. HP: 13/13 MP: 3/3
   133 | D:1      | Gained mutation: You have sharp fingernails. [demonic
                  | ancestry]
   133 | D:1      | Reached XP level 2. HP: 12/19 MP: 1/5
   179 | D:1      | Reached skill level 1 in Transmutations
  1358 | D:1      | Gained mutation: You have very sharp fingernails. [demonic
                  | ancestry]
  1358 | D:1      | Reached XP level 3. HP: 25/25 MP: 3/6
  2031 | D:2      | Learned a level 2 spell: Poisonous Vapours
  2140 | D:2      | Noticed Sigmund
  2171 | D:2      | HP: 1/25 [something/puff of flame (11)]
  2754 | D:3      | Reached skill level 1 in Unarmed Combat
  2776 | D:3      | Gained mutation: You are partially covered in yellow
                  | scales. (AC +2) [demonic ancestry]
  2776 | D:3      | Reached XP level 4. HP: 29/31 MP: 7/7
  3048 | D:3      | Reached skill level 1 in Armour
  3370 | D:3      | Gained mutation: You are mostly covered in yellow scales.
                  | (AC +3) [demonic ancestry]
  3370 | D:3      | Reached XP level 5. HP: 34/36 MP: 4/8
  3589 | D:3      | Found a glowing golden altar of the Shining One.
  3693 | D:3      | Found a basalt altar of Yredelemnul.
  3695 | D:3      | Noticed a profane servitor
  3812 | D:3      | Found a burning altar of Makhleb.
  3815 | D:3      | Found an opulent altar of Gozag.
  3815 | D:3      | Found a hide-covered altar of Uskayaw.
  3816 | D:3      | Found an iron altar of Okawaru.
  3816 | D:3      | Found a hazy altar of Hepliaklqana.
  3990 | D:3      | Noticed an angel
  4080 | D:4      | Noticed Menkaure
  4090 | D:4      | Found an ornate altar of the Wu Jian Council.
  4091 | D:4      | Found a shimmering blue altar of Sif Muna.
  4092 | D:4      | Found a white marble altar of Elyvilon.
  4102 | D:4      | Reached XP level 6. HP: 42/42 MP: 5/10
  4108 | D:4      | Became a worshipper of Sif Muna the Loreminder
  4442 | D:4      | Found an ancient bone altar of Kikubaaqudgha.
  4618 | D:5      | Entered Level 5 of the Dungeon
  4636 | D:5      | Found a staircase to the Ecumenical Temple.
  4646 | D:5      | Reached skill level 1 in Fighting
  4646 | D:5      | Reached skill level 1 in Air Magic
  5009 | D:5      | Gained mutation: You have claws for hands. [demonic
                  | ancestry]
  5009 | D:5      | Reached XP level 7. HP: 38/48 MP: 10/12
  5158 | D:5      | Reached skill level 2 in Armour
  5376 | D:5      | Reached * piety under Sif Muna
  5560 | D:5      | Found a runed translucent gate.
  5560 | D:5      | Found a runed translucent gate.
  5560 | D:5      | Found a runed translucent gate.
  5561 | D:5      | Noticed Lanoc's ghost (weakling TrDe)
  5627 | D:5      | Found a stormy altar of Qazlal.
  5745 | D:5      | Found a large runed translucent door.
  5745 | D:5      | Found a large runed translucent door.
  5756 | D:5      | Found a large runed translucent door.
  5756 | D:5      | Found a large runed translucent door.
  5925 | D:5      | Gained mutation: You sometimes gain a little power by
                  | taking damage. [demonic ancestry]
  5925 | D:5      | Reached XP level 8. HP: 22/54 MP: 14/14
  6179 | D:5      | Learned a level 4 spell: Olgreb's Toxic Radiance
  6183 | D:5      | Learned a level 3 spell: Ignite Poison
  6320 | D:6      | Found a runed translucent gate.
  6320 | D:6      | Found a runed translucent gate.
  6320 | D:6      | Found a runed translucent gate.
  6581 | D:6      | Noticed viperstalker's ghost (novice PaFi)
  7061 | D:7      | Reached skill level 5 in Poison Magic
  7061 | D:7      | Reached skill level 5 in Spellcasting
  7305 | D:7      | Noticed Pikel
  7312 | D:7      | Killed Pikel
  7312 | D:7      | Reached skill level 3 in Armour
  7312 | D:7      | Reached XP level 9. HP: 60/60 MP: 12/17
  7754 | D:7      | Reached skill level 5 in Unarmed Combat
  7848 | D:7      | Found a sparkling altar of Nemelex Xobeh.
  7881 | D:7      | Learned a level 6 spell: Invisibility
  8103 | D:8      | Reached ** piety under Sif Muna
  8268 | D:8      | Found a hide-covered altar of Uskayaw.
  8454 | D:8      | Found a runed translucent door.
  8454 | D:8      | Noticed a centaur warrior
  8454 | D:8      | Noticed a flayed ghost
  8454 | D:8      | Noticed a meliai
  8456 | D:8      | Noticed a yaktaur captain
  8456 | D:8      | Noticed a wolf spider
  8456 | D:8      | Noticed a cyclops
  8694 | D:9      | Reached XP level 10. HP: 68/68 MP: 17/19
  8863 | D:9      | Noticed Joseph
  8872 | D:9      | Killed Joseph
  8952 | D:9      | Got a fabulously ornate robe
  8969 | D:9      | Identified the +2 robe of Patterns {rCorr} (You found it on
                  | level 9 of the Dungeon)
  8991 | D:9      | Reached skill level 1 in Fire Magic
  8996 | D:9      | Learned a level 3 spell: Mephitic Cloud
  9047 | D:9      | Noticed a cyclops
  9062 | D:9      | Killed a cyclops
  9175 | D:9      | Noticed Harold
  9189 | D:9      | Killed Harold
  9270 | D:9      | Noticed Psyche
  9276 | D:9      | Killed Psyche
  9440 | D:9      | Found a runed translucent door.
  9443 | D:9      | Noticed Ferkelamun's ghost (journeyman MfTm)
  9814 | D:10     | Entered Level 10 of the Dungeon
  9861 | D:10     | Found a radiant altar of Vehumet.
  9884 | D:10     | Reached *** piety under Sif Muna
 10182 | D:10     | Found a staircase to the Orcish Mines.
 10347 | D:10     | Reached XP level 11. HP: 73/73 MP: 23/23
 10648 | D:10     | Got a fine tin ring
 10784 | Orc:1    | Entered Level 1 of the Orcish Mines
 10790 | D:10     | Identified the ring "Xifoeky" {Wiz Int+3 SInv} (You found
                  | it on level 10 of the Dungeon)
 11353 | D:11     | Reached **** piety under Sif Muna
 12015 | D:12     | Noticed Fannar
 12035 | D:12     | Killed Fannar
 12035 | D:12     | Reached skill level 1 in Conjurations
 12289 | D:12     | Noticed a deep elf mage
 12458 | D:12     | Noticed a purple ugly thing
 12464 | D:12     | Killed a purple ugly thing
 12792 | D:12     | Reached skill level 5 in Dodging
 13100 | D:13     | Reached ***** piety under Sif Muna
 13188 | D:13     | Identified Sif Muna's Catalogue of Destructive Bewitchment
                  | (Sif Muna gifted it to you on level 13 of the Dungeon)
 13188 | D:13     | Received a gift from Sif Muna
 13210 | D:13     | Noticed a necromancer
 13213 | D:13     | Noticed a deep troll
 13214 | D:13     | Killed a necromancer
 13216 | D:13     | Noticed a lindwurm
 13217 | D:13     | Killed a deep troll
 13219 | D:13     | Killed a lindwurm
 13235 | D:13     | Noticed a shadow wraith
 13242 | D:13     | Killed a shadow wraith
 13269 | D:13     | Found a gate to the Vaults.
 13316 | D:13     | Reached XP level 12. HP: 59/83 MP: 11/25
 13405 | D:13     | Learned a level 3 spell: Confusing Touch
 13482 | D:13     | Reached skill level 10 in Unarmed Combat
 13571 | D:13     | Learned a level 2 spell: Blink
 13735 | D:13     | Noticed an ogre mage
 13752 | D:13     | Killed an ogre mage
 13786 | D:13     | Learned a level 3 spell: Tukima's Dance
 13957 | D:13     | Noticed a centaur warrior
 13971 | D:13     | Killed a centaur warrior
 14268 | D:13     | Noticed an ettin
 14273 | D:13     | Noticed a centaur warrior
 14284 | D:13     | Killed a centaur warrior
 14291 | D:13     | Killed an ettin
 14299 | D:13     | Noticed a deep troll earth mage
 14334 | D:13     | Noticed a yaktaur captain
 14357 | D:13     | Killed a yaktaur captain
 14357 | D:13     | Reached skill level 5 in Fighting
 14685 | D:11     | Identified the +7 chain mail "Jidil" {-Tele rCorr Int+3}
 14859 | D:11     | Found a staircase to the Lair.
 14930 | D:11     | Noticed a centaur warrior
 14933 | D:11     | Killed a centaur warrior
 15000 | D:11     | Noticed a catoblepas
 15015 | D:11     | Killed a catoblepas
 15015 | D:11     | Reached skill level 10 in Dodging
 15198 | D:11     | Learned a level 2 spell: Slow
 15634 | Lair:1   | Entered Level 1 of the Lair of Beasts
 16067 | Lair:1   | Reached skill level 1 in Invocations
 16235 | Lair:1   | Noticed a seven-headed hydra
 16277 | Lair:1   | Gained mutation: Your flesh is cold resistant. (rC+)
                  | [demonic ancestry]
 16277 | Lair:1   | Reached XP level 13. HP: 94/94 MP: 26/26
 17132 | Lair:2   | Noticed Erica
 17137 | Lair:2   | Killed Erica
 17309 | Lair:2   | Identified Sif Muna's Grimoire of the Frigorific Voyage
                  | (Sif Muna gifted it to you on level 2 of the Lair of
                  | Beasts)
 17309 | Lair:2   | Received a gift from Sif Muna
 17312 | Lair:2   | Reached skill level 5 in Invocations
 17718 | Lair:2   | Noticed Urug
 17730 | Lair:2   | Killed Urug
 17877 | Lair:2   | Found a hole to the Spider Nest.
 19901 | Lair:4   | Found a staircase to the Shoals.
 20006 | Lair:4   | Found a runed translucent gate.
 20006 | Lair:4   | Found a runed translucent gate.
 20006 | Lair:4   | Found a runed translucent gate.
 20526 | Lair:4   | Reached skill level 1 in Evocations
 20602 | Lair:4   | Noticed Ahetudd's ghost (journeyman MiFi)
 20602 | Lair:4   | Noticed Cakiepeg's ghost (journeyman DDGl)
 20603 | Lair:4   | Noticed Giarr's ghost (journeyman DDGl)
 20823 | Lair:4   | Reached skill level 4 in Armour
 21246 | Shoals:1 | Entered Level 1 of the Shoals
 21729 | Lair:5   | Reached skill level 5 in Armour
 21729 | Lair:5   | Reached skill level 10 in Fighting
 21729 | Lair:5   | Reached skill level 6 in Armour
 21735 | Lair:5   | Reached skill level 7 in Armour
 21739 | Lair:5   | Reached XP level 14. HP: 109/109 MP: 24/27
 21746 | Lair:5   | Reached skill level 8 in Armour
 22149 | Lair:5   | Reached skill level 9 in Armour
 22575 | Lair:6   | Entered Level 6 of the Lair of Beasts
 23042 | Orc:1    | Found a shimmering altar of Xom.
 23226 | Orc:1    | Reached skill level 10 in Armour
 23328 | Orc:2    | Entered Level 2 of the Orcish Mines
 23382 | Orc:2    | Noticed Jorgrun
 23422 | Orc:2    | Reached skill level 11 in Armour
 23422 | Orc:2    | Reached skill level 5 in Evocations
 23442 | Orc:2    | Reached skill level 12 in Armour
 23560 | Orc:2    | Found Akina's Armour Shop.
 23560 | Orc:2    | Found Yppe Xegi's Assorted Antiques.
 23561 | Orc:2    | Found Hused's Distillery.
 23561 | Orc:2    | Found Fahoef's Gadget Boutique.
 23569 | Orc:2    | Bought a potion of cancellation for 88 gold pieces
 23573 | Orc:2    | Bought a scroll of enchant armour for 247 gold pieces
 23573 | Orc:2    | Bought a scroll labeled ECWARIO CUCAM for 33 gold pieces
 23955 | Orc:2    | Noticed Donald
 23957 | Orc:2    | Noticed Apogee's ghost (journeyman HuCj)
 23961 | Orc:2    | Noticed an orc warlord
 23968 | Orc:2    | Killed Donald
 23968 | Orc:2    | Reached skill level 13 in Armour
 24030 | Orc:2    | Noticed Saint Roka
 24063 | Orc:2    | Found a runed translucent gate.
 24063 | Orc:2    | Found a runed translucent gate.
 24070 | Orc:2    | Found a runed translucent gate.
 24083 | Orc:2    | Found a staircase to the Elven Halls.
 24706 | Orc:2    | HP: 1/109 [Saint Roka/divine providence (14)]
 25012 | Orc:2    | Learned a level 3 spell: Frozen Ramparts
 25352 | Orc:1    | Found Hineor's Antique Armour Shoppe.
 25681 | Spider:1 | Entered Level 1 of the Spider Nest
 25684 | Spider:1 | Reached skill level 1 in Hexes
 25770 | Spider:1 | Reached skill level 10 in Spellcasting
 25883 | Spider:1 | Identified Wymoq's Catalogue of Displacement and Flight
                  | (Sif Muna gifted it to you on level 1 of the Spider Nest)
 25883 | Spider:1 | Received a gift from Sif Muna
 25884 | Spider:1 | Noticed an entropy weaver
 25890 | Spider:1 | Killed an entropy weaver
 25925 | Spider:1 | Reached XP level 15. HP: 59/115 MP: 6/29
 27446 | Spider:1 | Noticed Aizul
 27470 | Spider:1 | Killed from afar by Aizul

Illustrated notes

Levels and vault maps discovered:
D:1:      elethiomel_arrival_maze, layout_loops_ring
D:2:      layout_basic, uniq_sigmund
D:3:      layout_basic, grunt_temple_overflow_holy_war,
          grunt_temple_overflow_open
D:4:      layout_rooms, chequers_temple_overflow_statue_of_worship,
          kennysheep_mini_moat, uniq_menkaure
D:5:      layout_cave_pools, nicolae_overflow_crystal_walls,
          minmay_temple_entry_glassed_door, ebering_ghost_rock_garden,
          minmay_strange_pillars, minmay_hollow_rounded_squares
D:6:      layout_loops_cross, ebering_ghost_rock_garden,
          hangedman_decor_peaks_small
D:7:      layout_basic, marbit_many_paths, serial_glass, glass_columns_a,
          glass_columns_a, nicolae_water_bricks, serial_bayou_pond_a,
          minivault_26, chequers_serial_rivers_room_b, uniq_pikel
D:8:      minmay_gate_of_8, layout_rooms, basic_altar, dk_vineyard_1
D:9:      layout_loops_ring, ebering_ghost_inner_flame, uniq_harold,
          uniq_psyche, uniq_joseph
D:10:     layout_loops_ring, orc_0_dummy, basic_altar
D:11:     nzn_motion_control, layout_loops_ring, david_lair_shrubbed,
          serial_rivers, chequers_serial_rivers_room_b,
          chequers_serial_rivers_large_b, chequers_serial_rivers_micro_b,
          chequers_serial_rivers_small_a, chequers_serial_rivers_micro_e,
          chequers_serial_rivers_room_a, small_chamber_with_monster,
          nrook_guardian_serpent_ordinary
D:12:     layout_basic, lightli_corner_chamber, uniq_fannar
D:13:     minmay_tile_spiral, layout_rooms, david_vaults_4, serial_rivers,
          chequers_serial_rivers_micro_d, chequers_serial_rivers_micro_d,
          chequers_serial_rivers_large_a, chequers_serial_rivers_room_a
Lair:1:   layout_regular_city
Lair:2:   layout_long_grid, dummy_spider_entry, serial_bayou_shore_a, uniq_urug,
          uniq_erica
Lair:3:   statuecave_lemuel, layout_layer_cave, nicolae_volcano_entry_vermiform,
          nicolae_quartered_pool_medium
Lair:4:   layout_roguey, elwin_shoals_entry_rocks, gammafunk_ghost_cemetery,
          wad_woods_03
Lair:5:   layout_gridlike, beast_lair_carwin_11
Lair:6:   hangedman_lair_caniforms_friends, layout_long_grid,
          hangedman_lair_in_review, minmay_slime_entry_jelly_boxes, uniq_nessos
Shoals:1: layout_shoals, nicolae_shoals_square_sea_wall,
          nicolae_shoals_aquamancer_cove, uniq_josephine
Spider:1: layout_chambers, uniq_aizul
Orc:1:    layout_caves, serial_shops, shop, basic_altar
Orc:2:    st_orc_pillars, layout_caves, gammafunk_ghost_split, uniq_donald,
          uniq_saint_roka, uniq_jorgrun

Skill      XL: |  1  2  3  4  5  6  7  8  9 10 11 12 13 14 15 |
---------------+----------------------------------------------+-----
Stealth        | 2 3 4 |  4.5
Transmutations | 1 2 3 4 |  4.1
Dodging        | 2 3 4 5 10 | 10.0
Unarmed Combat | 1 2 3 4 6 7 9 10 | 10.0
Armour         | 1 2 3 7 13 | 13.3
Spellcasting   | 3 4 5 6 8 9 10 11 | 11.4
Fighting       | 1 2 3 6 10 | 10.0
Air Magic      | 1 2 3 4 |  4.0
Poison Magic   | 4 5 6 7 |  7.0
Fire Magic     | 1 |  1.9
Conjurations   | 1 |  1.3
Invocations    | 1 8 |  8.0
Evocations     | 2 5 |  5.0
Hexes          | 1 |  1.8
Translocations | |  0.5

Action                   |  1- 3 |  4- 6 |  7- 9 | 10-12 | 13-15 || total
-------------------------+-------+-------+-------+-------+-------++-------
Melee: Unarmed           |   165 |    86 |   200 |   476 |   429 ||  1356
       Punch             |       |     1 |     7 |    27 |    20 ||    55
Throw: Dart              |       |       |       |       |     1 ||     1
 Cast: Sting             |    26 |    14 |    15 |     9 |     8 ||    72
       Poisonous Vapours |       |    18 |    35 |    37 |    34 ||   124
       Ignite Poison     |       |       |     7 |    51 |    91 ||   149
       Olgreb's Toxic Ra |       |       |    10 |    59 |   122 ||   191
       Mephitic Cloud    |       |       |       |    27 |    41 ||    68
       Confusing Touch   |       |       |       |    11 |    20 ||    31
       Slow              |       |       |       |     9 |    26 ||    35
       Tukima's Dance    |       |       |       |     2 |     3 ||     5
       Blink             |       |       |       |       |     9 ||     9
       Invisibility      |       |       |       |       |     2 ||     2
       Absolute Zero     |       |       |       |       |     1 ||     1
       Frozen Ramparts   |       |       |       |       |     6 ||     6
Invok: Channel Magic     |       |       |       |       |     8 ||     8
       Divine Exegesis   |       |       |       |       |     3 ||     3
       Forget Spell      |       |       |       |       |     1 ||     1
Evoke: Wand              |       |       |       |    10 |    18 ||    28
       Condenser vane    |       |       |       |       |     1 ||     1
  Use: Scroll            |     9 |     3 |     7 |     9 |    16 ||    44
       Potion            |     2 |       |       |     6 |     2 ||    10
 Stab: Sleeping          |     2 |     1 |     6 |     7 |     5 ||    21
       Distracted        |       |       |       |     1 |       ||     1
       Confused          |       |       |       |     9 |    11 ||    20
       Invisible         |       |       |       |       |     1 ||     1
Armor: Robe              |    12 |       |       |   110 |    13 ||   135
       Ring mail         |    33 |    15 |       |       |       ||    48
       Leather armour    |       |     9 |    44 |    15 |       ||    68
       Acid dragon scale |       |       |       |       |   155 ||   155
Dodge: Dodged            |   109 |    37 |   112 |   338 |   450 ||  1046
       Repelled          |       |       |       |       |     1 ||     1

Table legend: (Time is in decaauts)
 A = Elapsed time spent in this place.
 B = Non-inter-level travel time spent in this place.
 C = Inter-level travel time spent in this place.
 D = Time resting spent in this place.
 E = Time spent auto-exploring this place.
 F = Levels seen in this place.
 G = Mean time per level.
                   A        B        C        D        E       F      G
               +--------+--------+--------+--------+--------+-----+--------+
         Total |  27445 |  26155 |   1290 |   2603 |  18230 |  23 | 1193.3 |
       Dungeon |  16209 |  15471 |    738 |   1696 |  10498 |  13 | 1246.8 |
          Lair |   6831 |   6375 |    456 |    142 |   5287 |   6 | 1138.5 |
        Shoals |     88 |     88 |      0 |     52 |      6 |   1 |   88.0 |
   Spider Nest |   1782 |   1782 |      0 |     38 |   1411 |   1 | 1782.0 |
  Orcish Mines |   2534 |   2439 |     95 |    675 |   1028 |   2 | 1267.0 |
               +--------+--------+--------+--------+--------+-----+--------+

Top non-repeatable levels by time:
    D:11: 1987 daAuts
     D:1: 1881 daAuts
     D:3: 1818 daAuts
Spider:1: 1782 daAuts
   Orc:2: 1779 daAuts
     D:5: 1682 daAuts
  Lair:3: 1596 daAuts
    D:12: 1558 daAuts
    D:13: 1544 daAuts
  Lair:2: 1511 daAuts
  Lair:5: 1351 daAuts
    D:10: 1333 daAuts
  Lair:1: 1192 daAuts
  Lair:4: 1172 daAuts
     D:9: 1131 daAuts
